 Dungeon Crawl Stone Soup version 0.24.1-4-ge52af88ad5 (webtiles) character file.

Game seed: 7132640109439889587, levelgen mode: deterministic

32 Heliosone the Gusty (level 3, -9/19 HPs)
             Began as a Tengu Air Elementalist on Apr 14, 2020.
             Killed from afar by Natasha (11 damage)
             ... with a magic dart
             ... on level 2 of the Dungeon.
             The game lasted 00:03:45 (1624 turns).

Heliosone the Gusty (Tengu Air Elementalist)        Turns: 1624, Time: 00:03:46

Health: -9/19      AC:  2    Str:  8    XL:     3   Next: 25%
Magic:  0/7        EV: 12    Int: 16    God:
Gold:   72         SH:  0    Dex: 14    Spells: 0/6 levels left

rFire    . . .     SeeInvis .   d - +0 dagger (curse)
rCold    . . .     Gourm    .   (no shield)
rNeg     . . .     Faith    .   a - +0 robe
rPois    .         Spirit   .   (helmet restricted)
rElec    .         Reflect  .   (no cloak)
rCorr    +         Harm     .   (no gloves)
MR       .....                  (boots unavailable)
Stlth    ++........             (no amulet)
HPRegen  0.06/turn              e - ring of resist corrosion
MPRegen  0.10/turn              (no ring)

@: no status effects
A: beak, talons 3
a: no special abilities


You were on level 2 of the Dungeon.
You were not hungry.

You visited 1 branch of the dungeon, and saw 2 of its levels.

You collected 72 gold pieces.

Inventory:

Hand Weapons
 d - a cursed +0 dagger (weapon)
 h - a +0 short sword
Armour
 a - a +0 robe (worn)
Jewellery
 e - a ring of resist corrosion (left hand)
 f - an uncursed ring of protection from fire {unknown}
Scrolls
 b - a scroll of enchant weapon {unknown}
 g - a scroll of remove curse {unknown}
 i - a scroll of immolation {unknown}
 k - a scroll of random uselessness {unknown}
Potions
 j - a potion of curing {unknown}
Comestibles
 c - 3 rations


   Skills:
 - Level 2.1 Dodging
 - Level 2.0 Stealth
 - Level 2.0 Spellcasting
 - Level 1.3 Conjurations
 + Level 5.7 Air Magic


You couldn't memorise any spells.
You knew the following spells:

 Your Spells              Type           Power        Failure   Level  Hunger
a - Shock                 Conj/Air       ##..         4%          1    #......
b - Swiftness             Chrm/Air       ##......     10%         2    ###....
c - Static Discharge      Conj/Air       ##......     14%         3    ###....

Your spell library contained the following spells:

 Spells                   Type           Power        Failure   Level  Hunger
 Airstrike                Air            ###.......   21%         4    #####..
 Lightning Bolt           Conj/Air       ##........   80%         5    ######.


Dungeon Overview and Level Annotations

Branches:
Dungeon (2/15)

Altars:

Annotations:
D:2 Natasha


Innate Abilities, Weirdness & Mutations

You have a beak for a mouth.
You have claws for feet.


Message History

You are struck by an arc of lightning.
The lightning grounds out.
Natasha casts a spell at you. You resist with significant effort.
Casting: Static Discharge (safe; 14% risk of failure)
Confirm with . or Enter, or press ? or * to list all spells.
Natasha is struck by an arc of lightning.
Natasha is severely wounded.
You are struck by an arc of lightning.
The lightning grounds out.
Natasha claws you.
* * * LOW HITPOINT WARNING * * *
Casting: Static Discharge (safe; 14% risk of failure)
Confirm with . or Enter, or press ? or * to list all spells.
Aiming: Shock (safe; 4% risk of failure)
Press: ? - help, Shift-Dir - straight line The zap misses Natasha. x2; Natasha closely misses you.
You aren't carrying any items that you can evoke.
Natasha stares at you and mumbles some strange words.
The magic dart hits you!
Ouch! That really hurt!
You die...

#.........
#.).......
#.........
#.........
#......... .#
######.........
...
###..............
#...
##...####.........
.†..[####@.###
#...<.....
##........##
####.#####
.>.....h### #..#
####..#.# #.##
##....######## #.#
##...)<.....# #.#
###........# #.#
#........# #.#
##......<# #.#


You could see Natasha.

Vanquished Creatures
  A dart slug (D:2)
  A giant cockroach (D:2)
  5 goblins (D:1)
  2 hobgoblins
  3 bats (D:1)
  5 frilled lizards (D:1)
  6 kobolds
  7 rats
30 creatures vanquished.

Notes
Turn   | Place    | Note
-------+----------+-------------------------------------------
     0 | D:1      | Heliosone the Tengu Air Elementalist began the quest for
                  | the Orb.
     0 | D:1      | Reached XP level 1. HP: 10/10 MP: 4/4
   373 | D:1      | You fall into a shaft and drop 1 floor!
   427 | D:2      | Reached XP level 2. HP: 15/15 MP: 3/6
   512 | D:1      | Learned a level 2 spell: Swiftness
   664 | D:1      | Reached skill level 5 in Air Magic
  1168 | D:1      | Reached XP level 3. HP: 19/19 MP: 5/7
  1361 | D:1      | Learned a level 3 spell: Static Discharge
  1500 | D:2      | Noticed Natasha
  1624 | D:2      | Killed from afar by Natasha

Levels and vault maps discovered:
D:1:      wander_arrival_estate, layout_loops_ring, minmay_pentomino_q2
D:2:      layout_rooms, serial_curves, eino_curves_02, eino_curves_03,
          uniq_natasha, uniq_robin

Skill      XL: |  1  2 |
---------------+-------+-----
Air Magic      | 5 |  5.7
Dodging        | |  2.1
Stealth        | |  2.0
Spellcasting   | |  2.0
Conjurations   | |  1.3

Action                   || total
-------------------------++-------
Melee: Dagger            ||     7
       Unarmed           ||     4
       Kick              ||     4
       Peck              ||     1
 Cast: Shock             ||    54
       Static Discharge  ||     2
  Eat: Chunk             ||     3
Armor: Robe              ||     8
Dodge: Dodged            ||    21
